Map: Acropolis LE

Players

starkiller - Winner!

  • Race: Zerg Zerg
  • League: Grandmaster
  • Spawn Location: 5:00

PSiArc

  • Race: Terran Terran
  • Spawn Location: 11:00

VOD

Have the link to the VOD?

Description

Time

  • Played on: July 26, 2019, 9:21 p.m.
  • Length: 17:46
Show
View Real Time Build Order
Export as new Build Order

starkiller Zerg - Winner!

Build Orders: Hatch First 

Get SALT Encoding   

  12  0:01  Drone  
  13  0:08  Drone  
  14  0:15  Drone, Extractor  
  15  0:21  Overlord  
  15  0:40  Drone x2  
  17  0:51  Hatchery  
  17  0:55  Drone  
  17  0:58  Drone  
  18  1:08  Extractor  
  17  1:13  Spawning Pool  
  17  1:16  Drone  
  17  1:21  Drone  
  18  1:27  Drone  
  19  1:38  Overlord  
  19  1:49  Drone  
  20  1:59  Queen  
  20  2:00  Zergling x2  
  23  2:03  Queen  
  23  2:04  Zergling x2  
  26  2:12  Drone  
  26  2:13  Metabolic Boost  
  26  2:15  Drone  
  28  2:25  Drone  
  28  2:27  Drone  
  30  2:38  Drone x2  
  32  2:46  Drone  
  32  2:49  Lair  
  33  2:52  Overlord, Extractor  
  33  2:53  Drone  
  33  2:57  Drone  
  34  3:04  Drone  
  35  3:08  Drone  
  35  3:09  Queen  
  38  3:13  Overlord, Drone  
  38  3:15  Drone x3  
  38  3:18  Drone  
  43  3:28  Extractor, Drone  
  43  3:29  Extractor  
  43  3:30  Overlord  
  43  3:31  Drone  
  43  3:34  Drone  
  43  3:39  Drone  
  45  3:43  Drone  
  45  3:47  Spire  
  45  3:48  Drone x2  
  47  3:51  Drone x2  
  47  3:55  Drone x2  
  51  4:00  Drone x2  
  53  4:06  Spine Crawler, Zergling x2  
  53  4:07  Zergling x2  
  54  4:15  Drone, Zergling x4  
  57  4:18  Overlord  
  57  4:29  Overlord  
  57  4:30  Overlord  
  57  4:31  Overlord  
  57  4:58  Mutalisk x7  
  71  5:03  Mutalisk  
  73  5:12  Mutalisk  
  75  5:14  Zergling x12  
  78  5:34  Mutalisk x2  
  81  5:38  Spore Crawler  
  81  5:39  Spore Crawler  
  81  5:40  Drone x3  
  81  5:41  Hatchery, Drone x2  
  83  5:49  Drone x2  
  85  5:50  Drone x2  
  85  5:54  Evolution Chamber  
  85  5:55  Evolution Chamber  
  85  6:02  Drone x2  
  82  6:17  Mutalisk x4  
  86  6:27  Mutalisk x2  
  90  6:40  Drone x2, Hydralisk Den  
  90  6:41  Drone, Extractor  
  90  6:42  Extractor  
  90  6:43  Overlord x2  
  90  6:45  Overlord  
  90  6:51  Overlord  
  90  6:53  Overlord  
  90  6:55  Drone x3  
  93  7:03  Drone x2  
  93  7:04  Drone x2  
  93  7:06  Spore Crawler, Queen  
  93  7:07  Drone x2  
  98  7:09  Zerg Ground Armor Level 1, Zerg Missile Weapons Level 1  
  98  7:11  Drone  
  98  7:14  Drone x2  
  101  7:17  Grooved Spines  
  101  7:19  Drone x3  
  104  7:28  Drone  
  105  7:31  Hydralisk  
  105  7:33  Hydralisk  
  109  7:40  Hatchery, Hydralisk x3  
  109  7:43  Hydralisk  
  112  7:47  Hydralisk  
  112  7:48  Hydralisk  
  114  7:53  Hydralisk x2  
  114  7:57  Hydralisk x2  
  122  8:03  Hydralisk x2  
  122  8:04  Hydralisk  
  128  8:18  Overlord  
  128  8:19  Overlord  
  128  8:22  Overlord x2  
  126  8:35  Hydralisk  
  126  8:36  Hydralisk x3  
  126  8:37  Hydralisk x3  
  126  8:38  Hydralisk x3  
  144  8:44  Muscular Augments  
  144  8:45  Hydralisk x2  
  144  8:46  Overlord  
  144  8:48  Hydralisk  
  148  8:52  Hydralisk x2  
  154  8:56  Hydralisk  
  154  9:00  Hydralisk x2  
  160  9:13  Hydralisk x4  
  160  9:16  Hydralisk  
  168  9:18  Overlord x2  
  170  9:24  Hydralisk x2  
  174  9:36  Hydralisk x3  
  174  9:37  Spore Crawler, Overlord  
  174  9:38  Overlord  
  167  9:59  Hydralisk x9  
  149  10:02  Hydralisk  
  149  10:06  Drone  
  150  10:07  Drone x4  
  150  10:12  Hydralisk  
  144  10:16  Queen  
  144  10:20  Zerg Missile Weapons Level 2  
  140  10:21  Infestation Pit  
  140  10:23  Extractor, Drone x2  
  140  10:24  Extractor  
  107  10:44  Drone x7  
  107  10:47  Hydralisk x7  
  128  10:55  Zerg Ground Armor Level 2  
  128  11:05  Hive  
  128  11:07  Hydralisk  
  128  11:10  Hatchery, Hydralisk  
  131  11:13  Hydralisk  
  131  11:15  Hydralisk  
  131  11:17  Hydralisk  
  137  11:19  Hydralisk  
  137  11:21  Hydralisk  
  137  11:25  Hydralisk  
  143  11:26  Hydralisk  
  143  11:29  Hydralisk  
  143  11:31  Hydralisk  
  149  11:33  Hydralisk  
  151  11:46  Hydralisk x2  
  153  11:48  Overlord  
  153  12:08  Hydralisk x3  
  153  12:10  Overlord  
  159  12:17  Viper x2  
  159  12:18  Viper x2  
  159  12:22  Hydralisk x2  
  171  12:25  Hydralisk  
  171  12:27  Hydralisk  
  171  12:28  Queen  
  179  12:31  Hydralisk x2  
  183  12:38  Hydralisk x3  
  183  12:42  Hydralisk  
  183  12:43  Spore Crawler  
  190  12:44  Spine Crawler  
  183  12:56  Hydralisk  
  185  12:58  Hydralisk x5  
  185  12:59  Hydralisk x2  
  199  13:16  Zerg Missile Weapons Level 3  
  199  13:21  Overlord  
  199  13:23  Zerg Ground Armor Level 3  
  191  13:45  Spine Crawler, Viper x2  
  191  13:46  Hydralisk  
  191  13:47  Hydralisk  
  191  13:48  Hydralisk  
  194  13:49  Zergling x12  
  127  14:10  Zergling x6  
  127  14:11  Zergling x40  
  127  14:14  Queen  
  127  14:16  Extractor  
  151  14:18  Extractor  
  150  14:24  Hydralisk x6  
  150  14:28  Hatchery  
  150  14:30  Hydralisk  
  163  14:38  Hydralisk  
  163  14:40  Hydralisk  
  163  14:41  Hydralisk x3  
  173  14:46  Hydralisk  
  173  14:47  Hydralisk  
  172  14:52  Greater Spire  
  172  14:54  Hydralisk x7  
  185  15:00  Hydralisk  
  185  15:01  Hydralisk x2  
  185  15:02  Hydralisk  
  193  15:12  Hydralisk x2  
  147  15:40  Drone  
  147  15:41  Drone x3  
  149  15:43  Drone x2  
  149  15:45  Corruptor x2  
  149  15:46  Corruptor x6  
  149  15:48  Corruptor  
  167  15:55  Drone x2  
  167  15:56  Drone x2  
  171  16:02  Drone  
  172  16:07  Drone x5  
  172  16:10  Hatchery  
  176  16:12  Corruptor  
  178  16:23  Brood Lord x2  
  178  16:24  Brood Lord  
  184  16:28  Brood Lord  
  186  16:34  Brood Lord  
  186  16:38  Hydralisk x3  
  194  16:40  Hydralisk  
  198  16:47  Brood Lord  
  198  16:51  Hydralisk  
  197  17:07  Drone  
  197  17:08  Drone x3  
  192  17:10  Drone x3  
  192  17:11  Drone x5  
  194  17:44  Extractor  
  194  17:45  Extractor  
Show
View Real Time Build Order
Export as new Build Order

PSiArc Terran 

Build Orders: Hellion Opening, Reaper Expand 

Get SALT Encoding   

  12  0:00  SCV  
  13  0:13  SCV  
  14  0:17  Supply Depot  
  14  0:25  SCV  
  15  0:38  SCV  
  15  0:41  Barracks  
  16  0:45  Refinery  
  16  0:50  SCV  
  17  1:03  SCV  
  18  1:15  SCV  
  19  1:28  Orbital Command, Reaper  
  20  1:39  Command Center  
  20  1:49  Supply Depot  
  20  1:54  SCV  
  21  2:00  Marine  
  22  2:06  SCV  
  23  2:11  Factory  
  23  2:17  Refinery  
  23  2:18  SCV  
  23  2:22  Barracks Reactor  
  24  2:30  SCV  
  25  2:42  SCV  
  26  2:51  Orbital Command  
  26  2:54  SCV  
  26  2:57  Starport  
  29  3:06  SCV, Hellion x2  
  29  3:10  Marine  
  33  3:13  Supply Depot  
  33  3:20  SCV  
  33  3:21  SCV  
  37  3:27  Hellion x2  
  37  3:32  SCV  
  40  3:36  Fusion Core, Starport Tech Lab  
  40  3:39  SCV, Supply Depot  
  41  3:44  SCV  
  41  3:47  Barracks Tech Lab  
  42  3:51  SCV  
  42  3:53  Hellion  
  42  3:54  Hellion  
  47  3:56  SCV  
  48  4:08  Command Center  
  48  4:13  SCV x2  
  50  4:18  Armory  
  50  4:25  SCV  
  51  4:34  SCV  
  51  4:37  SCV  
  53  4:42  Battlecruiser, Supply Depot  
  59  4:46  SCV  
  59  4:50  Refinery  
  59  4:51  SCV, Refinery  
  61  4:58  SCV  
  62  5:03  Hellion x2  
  66  5:11  SCV  
  67  5:20  Supply Depot  
  67  5:21  Orbital Command  
  67  5:22  SCV  
  67  5:23  SCV  
  67  5:25  Engineering Bay, Hellion x2  
  68  5:34  SCV  
  61  5:39  SCV  
  62  5:46  SCV, Battlecruiser, Hellion  
  62  5:48  Factory  
  71  5:53  Weapon Refit  
  71  5:56  SCV  
  71  6:01  SCV  
  71  6:04  Missile Turret  
  71  6:06  SCV, Missile Turret  
  66  6:11  SCV, Missile Turret  
  66  6:17  SCV  
  61  6:19  Hellion x2  
  61  6:20  SCV  
  61  6:24  SCV  
  59  6:29  SCV  
  59  6:32  SCV  
  60  6:36  SCV  
  61  6:41  SCV  
  61  6:45  SCV  
  63  6:51  Hellion x2  
  63  6:52  SCV  
  63  6:53  SCV, Battlecruiser  
  75  6:59  SCV  
  76  7:04  SCV  
  76  7:05  SCV  
  78  7:11  SCV  
  78  7:12  Barracks Tech Lab  
  79  7:16  SCV, Factory x2  
  79  7:17  SCV, Orbital Command  
  79  7:19  Missile Turret  
  79  7:22  Hellion x2  
  85  7:28  SCV  
  86  7:31  SCV  
  86  7:33  Terran Vehicle And Ship Armor Level 1  
  86  7:36  Armory  
  87  7:38  Factory  
  87  7:39  Missile Turret  
  87  7:41  SCV  
  87  7:46  Hellion  
  87  7:47  SCV, Hellion  
  87  7:49  SCV  
  87  7:51  Barracks Reactor  
  93  7:58  Factory  
  93  8:00  SCV  
  93  8:01  SCV  
  93  8:03  Supply Depot  
  93  8:05  SCV  
  93  8:12  SCV, Refinery  
  94  8:14  SCV, Refinery  
  94  8:19  SCV  
  96  8:23  Siege Tank  
  96  8:27  Starport Tech Lab  
  98  8:34  SCV  
  98  8:35  SCV  
  98  8:37  SCV  
  99  8:42  Thor  
  99  8:43  Siege Tank  
  99  8:46  SCV  
  109  8:52  Supply Depot  
  109  8:54  SCV x2, Hellion x2  
  115  8:58  SCV  
  116  9:06  SCV x2  
  116  9:10  SCV  
  116  9:13  Cyclone  
  120  9:18  SCV x2  
  120  9:22  SCV, Missile Turret  
  123  9:24  Missile Turret  
  123  9:30  SCV  
  123  9:31  SCV  
  125  9:33  Terran Vehicle And Ship Armor Level 2, Siege Tank  
  125  9:34  SCV  
  129  9:39  Terran Vehicle Weapons Level 1  
  129  9:42  SCV  
  130  9:47  SCV  
  120  9:54  SCV, Siege Tank  
  120  9:59  SCV  
  94  10:01  Siege Tank, Hellion x2  
  94  10:02  Battlecruiser  
  94  10:06  SCV  
  85  10:17  Siege Tank, Hellion  
  83  10:24  Hellion  
  83  10:27  Command Center  
  85  10:37  SCV  
  83  10:43  Siege Tank  
  83  10:44  Siege Tank, Hellion  
  91  10:58  Siege Tank  
  94  11:18  Siege Tank x2  
  100  11:22  Hellion x2  
  104  11:32  Siege Tank, Hellion  
  108  11:49  SCV  
  108  11:51  Barracks  
  109  11:56  Siege Tank  
  112  12:09  Siege Tank, Hellion  
  117  12:21  Command Center  
  117  12:32  SCV  
  118  12:45  Siege Tank x3  
  118  12:46  Hellion x2  
  125  12:54  Terran Vehicle And Ship Armor Level 3  
  125  12:56  Hellion x2  
  129  13:01  Orbital Command, Refinery  
  129  13:12  Hellion  
  131  13:21  Thor  
  137  13:32  Thor  
  137  13:33  Terran Vehicle Weapons Level 2  
  137  13:34  Supply Depot x3  
  126  13:46  Thor  
  126  13:47  Hellion x3  
  126  13:48  SCV x2  
  122  14:04  Hellion  
  122  14:05  Siege Tank  
  122  14:08  Hellion  
  109  14:11  Hellion  
  109  14:15  Siege Tank  
  114  14:17  Missile Turret  
  114  14:19  Missile Turret  
  114  14:20  SCV x2  
  116  14:29  Planetary Fortress  
  116  14:30  SCV  
  117  14:32  SCV x2  
  119  14:41  Siege Tank, Thor  
  119  14:42  SCV  
  119  14:44  SCV x2  
  131  14:51  Infernal Pre-Igniter  
  131  14:55  Mag-Field Accelerator  
  127  15:04  SCV  
  127  15:05  SCV x2  
  130  15:11  SCV, Refinery  
  130  15:12  Refinery  
  130  15:13  Command Center  
  131  15:16  Sensor Tower  
  131  15:17  SCV x3  
  131  15:18  Missile Turret  
  123  15:24  SCV  
  106  15:29  SCV x3, Siege Tank, Hellion x2  
  106  15:32  Siege Tank x2  
  122  15:36  SCV  
  122  15:40  Hellion x2  
  123  15:46  SCV  
  123  15:47  SCV  
  121  15:53  Starport Reactor  
  121  15:54  Starport  
  121  15:58  Command Center  
  121  16:00  SCV, Missile Turret  
  121  16:03  Missile Turret  
  122  16:09  Supply Depot  
  122  16:11  Supply Depot  
  122  16:12  Supply Depot  
  122  16:16  Liberator x3  
  122  16:32  Siege Tank x2  
  137  16:41  Siege Tank, Missile Turret, Hellion x2  
  137  16:44  Supply Depot  
  144  16:51  Hellion x2  
  144  16:52  Hellion  
  144  17:04  Siege Tank  
  144  17:06  Hellion x2  
  144  17:07  Hellion  
Tags
 
Add a new tag
Caveats
  • Supply blocks, unpowered buildings, or Contaminate may cause inaccurate times.
  • Supply counts are checked every 10 seconds.